 Dungeon Crawl Stone Soup version 0.28-a0-94-g325244837d (webtiles) character file.

Game seed: 15227551256770722197

293 Leeroy the Changer (level 6, -4/46 HPs)
             Began as a Merfolk Transmuter on Aug 7, 2021.
             Was a Follower of Makhleb.
             Slain by Robin (10 damage)
             ... on level 4 of the Dungeon.
             The game lasted 00:06:32 (3281 turns).

Leeroy the Changer (Merfolk Transmuter)             Turns: 3281, Time: 00:06:33

Health: -4/46      AC:  2    Str: 11    XL:     6   Next: 33%
Magic:  9/9        EV: 12    Int: 14    God:    Makhleb [*.....]
Gold:   208        SH:  0    Dex: 14    Spells: 3/9 levels left

rFire   . . .      SeeInvis .     - Unarmed
rCold   . . .      Faith    .   (no shield)
rNeg    . . .      Spirit   .   a - +0 robe
rPois   .          Reflect  .   (no helmet)
rElec   .          Harm     .   (no cloak)
rCorr   .          Rampage  .   (no gloves)
Will    .....                   (no boots)
Stlth   +.........              f - amulet of regeneration
HPRegen 1.15/turn               (no ring)
MPRegen 0.11/turn               (no ring)

@: no status effects
A: (nimble swimmer 2), mertail
a: Renounce Religion


You were on level 4 of the Dungeon.
You worshipped Makhleb.
Makhleb was aware of your devotion.
You visited 1 branch of the dungeon, and saw 4 of its levels.

You collected 208 gold pieces.

Inventory:

Hand Weapons
 e - a +0 dagger
 g - a +0 arbalest
 r - a +0 falchion
Missiles
 q - 8 boomerangs
Armour
 a - a +0 robe (worn)
 d - a +0 ring mail
 l - a +0 plate armour
 t - a +0 leather armour of positive energy
Jewellery
 f - an amulet of regeneration (around neck)
Wands
 n - a wand of polymorph (1)
Scrolls
 b - a scroll of silence {unknown}
 h - 3 scrolls of summoning {unknown}
 i - a scroll of blinking {unknown}
 j - 2 scrolls of noise {unknown}
 p - 4 scrolls of identify {unknown}
Potions
 c - a potion of lignification {unknown}
 k - 2 potions of curing
 m - a potion of attraction {unknown}
 o - a potion of heal wounds {unknown}
 s - 2 potions of might {unknown}


   Skills:
 + Level 2.9 Fighting
 - Level 2.6 Dodging
 - Level 5.0 Unarmed Combat
 - Level 2.0 Spellcasting
 - Level 6.3 Transmutations


You had 3 spell levels left.
You knew the following spells:

 Your Spells              Type           Power      Damage    Failure   Level
a - Beastly Appendage     Tmut           38%        N/A       1%          1
b - Wereblood             Tmut           19%        N/A       2%          2
c - Spider Form           Tmut/Pois      5%         N/A       19%         3

Your spell library contained the following spells:

 Spells                   Type           Power      Damage    Failure   Level
 Ice Form                 Ice/Tmut       10%        N/A       54%         4


Dungeon Overview and Level Annotations

Branches:
Dungeon (4/15)
 Temple: D:4-7

Altars:
Cheibriados
Makhleb

Annotations:
D:2 Sigmund
D:4 Robin


Innate Abilities, Weirdness & Mutations

((You are quick and stealthy near water. (Stealth+, EV+, Speed+++)))
Your lower body shifts to a powerful aquatic tail in water.


Message History

You kill the goblin!
Makhleb accepts your kill.
You howl as the wereblood boils in your veins!
Robin throws the goblin at you!
You punch the goblin!
You feel a bit better.
You kill the goblin!
Makhleb accepts your kill.
You howl as the wereblood boils in your veins!
The goblin hits you with a +0 dagger. Robin misses you.
You miss the goblin.
Your primal bloodlust has ended.
The goblin hits you with a +0 dagger.
You barely miss the goblin.
Robin hits you from afar with a +2 vorpal trident!
The goblin closely misses you.
You hit the goblin.
The goblin is severely wounded.
Robin says, "A pitiful Merfolk like you will never find the ORB!"
Robin hits you from afar with a +2 vorpal trident.
* * * LOW HITPOINT WARNING * * *
You hit the goblin.
You kill the goblin!
Makhleb accepts your kill.
You can now gain health from killing.
Robin closely misses you. Robin barely misses you.
There is an open door, spattered with blood here.
Items here: ( )))))))))) †††.
You barely miss Robin.
Robin hits you with a +2 vorpal trident!
* * * LOW HITPOINT WARNING * * *
x2 You hit Robin.
Robin is lightly wounded.
Robin closely misses you.
You hit Robin.
Robin is moderately wounded.
Robin completely misses you.
You hit Robin.
Robin is heavily wounded.
Robin hits you with a +2 vorpal trident!
You die...

###### #....# #....#
#....#################
+....@.)...........)).
#...g#################
#....# ##
##+#####....# ..
#...........#.# ##
#...>.........#
#.............#
#...........#.#
#.........###.#


You could see Robin.

Vanquished Creatures
  An ice beast (D:3)
  A hound (D:4)
  Jessica (D:3)
  Natasha (D:4)
  Terence (D:3)
  3 adders (D:3)
  2 dart slugs
  A worm (D:3)
  4 orcs (D:4)
  2 bats
  3 endoplasms
  3 giant cockroaches
  16 goblins
  6 hobgoblins
  5 kobolds
  2 quokkas
  5 ball pythons
  A frilled lizard (D:2)
  A quokka zombie (D:4)
  3 rats
  A spectral hobgoblin (D:3)
63 creatures vanquished.

Notes
Turn   | Place    | Note
-------+----------+-------------------------------------------
     0 | D:1      | Leeroy the Merfolk Transmuter began the quest for the Orb.
     0 | D:1      | Reached XP level 1. HP: 15/15 MP: 3/3
   436 | D:1      | Reached XP level 2. HP: 13/21 MP: 5/5
  1231 | D:2      | Noticed Sigmund
  1611 | D:1      | Learned a level 2 spell: Wereblood
  1830 | D:3      | Reached XP level 3. HP: 23/26 MP: 6/6
  1870 | D:3      | Learned a level 3 spell: Spider Form
  2053 | D:3      | Reached skill level 5 in Unarmed Combat
  2153 | D:3      | Found a snail-covered altar of Cheibriados.
  2164 | D:3      | Found a faded altar of an unknown god.
  2341 | D:3      | Found a burning altar of Makhleb.
  2341 | D:3      | Noticed a cacodemon
  2345 | D:3      | Noticed a hellwing
  2345 | D:3      | Noticed a smoke demon
  2347 | D:3      | Became a worshipper of Makhleb the Destroyer
  2360 | D:3      | Noticed Terence
  2403 | D:3      | Killed Terence
  2404 | D:3      | Reached skill level 3 in Transmutations
  2404 | D:3      | Reached XP level 4. HP: 32/32 MP: 3/7
  2527 | D:3      | Reached skill level 4 in Transmutations
  2654 | D:3      | Noticed Jessica
  2666 | D:3      | Killed Jessica
  2667 | D:3      | Reached XP level 5. HP: 32/37 MP: 6/8
  2775 | D:4      | Noticed an ice beast
  2849 | D:3      | Killed an ice beast
  2850 | D:3      | Reached skill level 6 in Transmutations
  2957 | D:4      | Noticed Natasha
  2969 | D:4      | Killed Natasha
  2970 | D:4      | Reached XP level 6. HP: 33/44 MP: 9/9
  3243 | D:4      | Noticed Robin
  3276 | D:4      | Reached * piety under Makhleb
  3278 | D:4      | HP: 2/46 [Robin (1)]
  3281 | D:4      | Slain by Robin

Illustrated notes

Levels and vault maps discovered:
D:1:      dpeg_arrival_tiny_h, layout_basic
D:2:      layout_loops_ring, minmay_misc_feat_five, kennysheep_generic_room_5,
          uniq_sigmund
D:3:      layout_basic, lemuel_round_altar, makhleb_altar_promises_db,
          dreamdust_ecumenical_altar_drowned_temple, uniq_jessica, uniq_terence
D:4:      minmay_inner_zag, layout_basic, minmay_temple_entry_large_hall,
          uniq_grinder, uniq_edmund, uniq_natasha, uniq_robin

Skill      XL: |  1  2  3  4  5  6 |
---------------+-------------------+-----
Unarmed Combat | 4 5 |  5.0
Transmutations | 3 4 6 |  6.3
Fighting       | 2 |  2.9
Dodging        | |  2.6
Spellcasting   | |  2.0

Action                   |  1- 3 |  4- 6 || total
-------------------------+-------+-------++-------
Melee: Unarmed           |   134 |   129 ||   263
       Punch             |     1 |     1 ||     2
 Cast: Spider Form       |     1 |     1 ||     2
       Wereblood         |       |     3 ||     3
 Stab: Sleeping          |     2 |     1 ||     3
Armor: Robe              |    12 |    20 ||    32
       Skin              |     1 |       ||     1
Dodge: Dodged            |    86 |    72 ||   158

Table legend: (Time is in decaauts)
 A = Elapsed time spent in this place.
 B = Non-inter-level travel time spent in this place.
 C = Inter-level travel time spent in this place.
 D = Time resting spent in this place.
 E = Time spent auto-exploring this place.
 F = Levels seen in this place.
 G = Mean time per level.
                   A        B        C        D        E       F      G
               +--------+--------+--------+--------+--------+-----+--------+
         Total |   3251 |   2947 |    304 |    113 |   2265 |   4 |  812.8 |
       Dungeon |   3251 |   2947 |    304 |    113 |   2265 |   4 |  812.8 |
               +--------+--------+--------+--------+--------+-----+--------+

Top non-repeatable levels by time:
     D:1: 1019 daAuts
     D:3: 1000 daAuts
     D:2: 796 daAuts
     D:4: 435 daAuts
